 Dungeon Crawl Stone Soup version 0.21-a0-142-gdd972a7 (webtiles) character file.

6960 nikopol the Thaumaturge (level 10, -30/53 HPs)
             Began as a Deep Elf Fire Elementalist on July 23, 2017.
             Was an Elder of Vehumet.
             Killed by the air
             ... invoked by Gastronok
              (35 damage)
             ... on level 9 of the Dungeon on July 24, 2017.
             The game lasted 00:57:34 (11581 turns).

nikopol the Thaumaturge (DEFE)                     Turns: 11581, Time: 00:57:35

Health: -30/53     AC:  4    Str:  7    XL:     10   Next: 81%
Magic:  19/28      EV: 14    Int: 24    God:    Vehumet [****..]
Gold:   544        SH:  0    Dex: 15    Spells: 17/33 levels left

rFire    . . .     SeeInvis .   I - +2 dagger (freeze)
rCold    + . .     Gourm    .   (no shield)
rNeg     . . .     Faith    .   G - +0 robe
rPois    .         Spirit   .   (no helmet)
rElec    .         Reflect  .   (no cloak)
rCorr    .         Harm     .   z - +1 pair of gloves
MR       +....                  (no boots)
Stlth    +++.......             t - amulet of magic regeneration
HPRegen  0.17/turn              r - ring of protection from cold
MPRegen  0.46/turn              H - +2 ring of strength

@: slowed, very slow
A: no striking features
a: Renounce Religion


You were on level 9 of the Dungeon.
You worshipped Vehumet.
Vehumet was greatly pleased with you.
You were very full.

You visited 2 branches of the dungeon, and saw 10 of its levels.

You collected 544 gold pieces.

Inventory:

Hand Weapons
 I - a +2 dagger of freezing (weapon)
Armour
 z - a +1 pair of gloves (worn)
 G - a +0 robe (worn)
Jewellery
 k - an uncursed amulet of the gourmand
 r - a ring of protection from cold (left hand)
 t - an amulet of magic regeneration (around neck)
 H - a +2 ring of strength (right hand)
Wands
 M - a wand of lightning (7/15)
Scrolls
 d - 3 scrolls of teleportation
 f - 3 scrolls of remove curse
 h - 3 scrolls of fog {unknown}
 j - a scroll of noise {unknown}
 l - 2 scrolls of identify
 p - a scroll of random uselessness {unknown}
 s - 3 scrolls of blinking {unknown}
 x - 2 scrolls of amnesia {unknown}
 y - 2 scrolls of magic mapping {unknown}
 A - 3 scrolls of recharging {unknown}
 D - 2 scrolls of enchant armour {unknown}
 F - a scroll of fear {unknown}
 L - a scroll of immolation {unknown}
 O - a scroll of enchant weapon {unknown}
Potions
 e - 3 potions of invisibility
 g - a potion of resistance
 i - a potion of magic
 m - 2 potions of heal wounds
 o - a potion of brilliance
 u - a potion of degeneration {unknown}
 v - a potion of agility {unknown}
 w - 3 potions of flight
 B - 4 potions of curing
 C - a potion of cancellation {unknown}
 E - 2 potions of ambrosia
 N - a potion of haste
Books
 b - a book of Flames

   Spells                             Type                      Level
   a - Flame Tongue                   Conjuration/Fire             1
   b - Throw Flame                    Conjuration/Fire             2
   c - Conjure Flame                  Conjuration/Fire             3
   d - Inner Flame                    Hexes/Fire                   3
   e - Sticky Flame                   Conjuration/Fire             4
   f - Fireball                       Conjuration/Fire             5
 n - a book of Alchemy

   Spells                             Type                      Level
   a - Sublimation of Blood           Necromancy                   2
   b - Ignite Poison                  Fire/Transmutation/Poison    3
   c - Petrify                        Transmutation/Earth          4
   d - Alistair's Intoxication        Transmutation/Poison         5
   e - Irradiate                      Conjuration/Transmutation    5
 J - a book of Frost

   Spells                             Type                      Level
   a - Freeze                         Ice                          1
   b - Throw Frost                    Conjuration/Ice              2
   c - Ozocubu's Armour               Charms/Ice                   3
   d - Throw Icicle                   Conjuration/Ice              4
   e - Summon Ice Beast               Ice/Summoning                4
 K - a book of Cantrips

   Spells                             Type                      Level
   a - Confusing Touch                Hexes                        1
   b - Animate Skeleton               Necromancy                   1
   c - Summon Small Mammal            Summoning                    1
   d - Apportation                    Translocation                1
Comestibles
 a - a royal jelly
 c - 3 bread rations
 q - 6 meat rations
 P - a chunk of flesh


   Skills:
 + Level 1.8 Fighting
 + Level 0.8 Short Blades
 + Level 4.2 Dodging
 + Level 4.4 Stealth
 + Level 12.4 Spellcasting
 + Level 9.8 Conjurations
 + Level 0.8 Charms
 + Level 10.2 Fire Magic
 + Level 1.3 Ice Magic


You had 17 spell levels left.
You knew the following spells:

 Your Spells              Type           Power        Failure   Level  Hunger
a - Flame Tongue          Conj/Fire      #####        1%          1    None
b - Throw Flame           Conj/Fire      ######       1%          2    None
c - Conjure Flame         Conj/Fire      ######..     1%          3    None
d - Fireball              Conj/Fire      ######....   1%          5    ###....
e - Throw Frost           Conj/Ice       #####.       1%          2    None
f - Ozocubu's Armour      Chrm/Ice       ###.....     8%          3    None


Dungeon Overview and Level Annotations

Branches:
Dungeon (9/15)             Temple (1/1) D:4
   Lair: D:8-11         Orc: D:9-12

Altars:
Cheibriados
Dithmenos
Elyvilon
Fedhas
Nemelex Xobeh
Okawaru
Qazlal
Ru
Sif Muna
Trog
Vehumet
Yredelemnul
Zin
The Shining One

Shops:
D:4 (

Annotations:
D:1 1 runed door
D:9 Gastronok


Message History

Gastronok is severely wounded.
Casting: Flame Tongue
Confirm with . or Enter, or press ? or * to list all spells.
Aiming: Flame Tongue
Press: ? - help, Shift-Dir - straight line, f/p - Gastronok
Aim: Gastronok, wearing a hat (flame, severely wounded)
The flame tongue hits Gastronok.
Gastronok is severely wounded.
Gastronok is engulfed in blazing flames.
Gastronok bites you!!!
Ouch! That really hurt!
* * * LOW HITPOINT WARNING * * *
Casting: Flame Tongue
Confirm with . or Enter, or press ? or * to list all spells.
Okay, then.
Gastronok is engulfed in blazing flames.
Gastronok waves his eye-stalks in wide circles.
The air twists around and strikes you!
Ouch! That really hurt!
You die...

.......... . ......... #
.....≈..############ .
........##.......... ..
.................... ...
....................
...#.#####...............
.........'...............
...##.###@#...........##.#
......§w..#...........##..
##.##.##..####.#....######
#.....# #.#....###...
####.## #............
#(######.....#.....
#......#.....#.....
######.#.....#.....
####.#.....#.....


You could see Gastronok.

Vanquished Creatures
  2 two-headed ogres
  Psyche (D:8)
  A troll (D:9)
  Grinder (D:6)
  A hornet (D:9)
  A hippogriff (D:9)
  2 humans (D:7)
  Edmund (D:5)
  Duvessa (D:6)
  An orc warrior (D:7)
  A sky beast (D:8)
  3 ogres
  2 eyes of draining
  3 ice beasts
  A necrophage (D:8)
  3 phantoms
  5 centaurs
  A gnoll sergeant (D:6)
  The ghost of p0werm0de the Magician, an amateur VSWz of Cheibriados (D:4)
  8 bullfrogs
  Dowan (D:6)
  A scorpion (D:7)
  6 killer bees (D:9)
  2 water moccasin skeletons
  3 electric eels (D:8)
  A crimson imp (D:7)
  3 bullfrog zombies
  A centaur skeleton (D:4)
  2 bullfrog skeletons
  6 hounds
  2 iguanas
  5 orc priests
  9 orc wizards
  2 worker ants
  3 hound skeletons
  2 hound zombies
  8 gnolls
  11 adders
  A shadow imp (D:7)
  2 adder zombies
  4 dart slugs
  5 worms
  4 leopard geckos
  25 orcs
  A ball python (D:3)
  7 giant cockroaches
  5 goblins
  5 hobgoblins
  22 jackals
  4 kobolds
  2 quokkas
  3 bats
  3 frilled lizards
  A giant cockroach zombie (D:6)
  4 jackal skeletons
  9 rats
215 creatures vanquished.

Vanquished Creatures (others)
  A bush (D:4)
1 creature vanquished.

Grand Total: 216 creatures vanquished

Notes
Turn   | Place    | Note
-------+----------+-------------------------------------------
     0 | D:1      | nikopol the Deep Elf Fire Elementalist began the quest for the Orb.
     0 | D:1      | Reached XP level 1. HP: 10/10 MP: 6/6
     2 | D:1      | Found a runed door.
   206 | D:1      | Reached XP level 2. HP: 15/15 MP: 1/8
   889 | D:1      | Learned a level 2 spell: Throw Flame
   958 | D:2      | You fall through a shaft!
  1062 | D:3      | Reached XP level 3. HP: 19/19 MP: 8/10
  1067 | D:3      | Learned a level 3 spell: Conjure Flame
  1445 | D:2      | Found a stormy altar of Qazlal.
  1537 | D:2      | Found a sacrificial altar of Ru.
  1724 | D:2      | Reached skill level 4 in Spellcasting
  1724 | D:2      | Reached XP level 4. HP: 13/24 MP: 4/12
  2569 | D:3      | Noticed an ogre
  2757 | D:3      | Found a radiant altar of Vehumet.
  2765 | D:3      | Became a worshipper of Vehumet
  2836 | D:3      | Killed an ogre
  2836 | D:3      | Reached XP level 5. HP: 28/28 MP: 0/13
  3041 | D:3      | Found a shadowy altar of Dithmenos.
  3130 | D:4      | Noticed p0werm0de's ghost (amateur VSWz)
  3334 | D:4      | Learned a level 5 spell: Fireball
  3352 | D:4      | Found a snail-covered altar of Cheibriados.
  3361 | D:4      | Found a bloodstained altar of Trog.
  3442 | D:4      | Reached skill level 5 in Fire Magic
  3517 | D:4      | Reached skill level 5 in Spellcasting
  3517 | D:4      | Reached XP level 6. HP: 32/32 MP: 7/15
  3766 | D:4      | Found a blossoming altar of Fedhas.
  3777 | D:4      | Found Dazubuac's Weapon Shop.
  4028 | D:4      | Found a staircase to the Ecumenical Temple.
  4068 | D:4      | Killed p0werm0de's ghost
  4292 | Temple   | Entered the Ecumenical Temple
  4481 | D:4      | Reached skill level 6 in Spellcasting
  4481 | D:4      | Reached XP level 7. HP: 21/37 MP: 12/18
  4728 | D:5      | Entered Level 5 of the Dungeon
  5055 | D:5      | Found a white marble altar of Elyvilon.
  5092 | D:5      | Noticed Edmund
  5108 | D:5      | Killed Edmund
  5177 | D:5      | Reached * piety under Vehumet
  5177 | D:5      | Offered knowledge of Freeze by Vehumet.
  5647 | D:5      | Found a sparkling altar of Nemelex Xobeh.
  5740 | D:6      | Reached skill level 1 in Fighting
  5740 | D:6      | Reached skill level 7 in Spellcasting
  5813 | D:6      | Noticed a two-headed ogre
  5826 | D:6      | Killed a two-headed ogre
  5826 | D:6      | Reached skill level 8 in Spellcasting
  5826 | D:6      | Reached skill level 5 in Conjurations
  5826 | D:6      | Reached XP level 8. HP: 43/43 MP: 4/22
  6100 | D:6      | Noticed Grinder
  6110 | D:6      | Killed Grinder
  6110 | D:6      | Reached skill level 9 in Spellcasting
  6283 | D:6      | Noticed Dowan
  6285 | D:6      | Noticed Duvessa
  6285 | D:6      | Killed Dowan
  6285 | D:6      | Reached XP level 9. HP: 47/47 MP: 16/24
  6300 | D:6      | Killed Duvessa
  7544 | D:7      | Reached skill level 10 in Spellcasting
  7646 | D:7      | Learned a level 2 spell: Throw Frost
  7650 | D:7      | Learned a level 3 spell: Ozocubu's Armour
  7854 | D:7      | Found a glowing silver altar of Zin.
  7897 | D:7      | Reached ** piety under Vehumet
  8131 | D:7      | Found an iron altar of Okawaru.
  8142 | D:7      | Offered knowledge of Searing Ray by Vehumet.
  9228 | D:8      | Reached skill level 1 in Ice Magic
  9329 | D:8      | Noticed Psyche
  9332 | D:8      | Killed Psyche
  9332 | D:8      | Reached skill level 11 in Spellcasting
  9332 | D:8      | Reached XP level 10. HP: 44/53 MP: 15/27
  9334 | D:8      | Offered knowledge of Mephitic Cloud by Vehumet.
  9498 | D:8      | Reached *** piety under Vehumet
  9708 | D:8      | Noticed a two-headed ogre
  9722 | D:8      | Killed a two-headed ogre
 10449 | D:8      | Offered knowledge of Fulminant Prism by Vehumet.
 10554 | D:9      | Reached skill level 12 in Spellcasting
 10594 | D:9      | Found a glowing golden altar of the Shining One.
 10608 | D:9      | Noticed Gastronok
 11011 | D:9      | Reached skill level 10 in Fire Magic
 11433 | D:9      | Reached **** piety under Vehumet
 11581 | D:9      | Killed from afar by Gastronok

Vault maps used:
D:1:      dpeg_arrival_caged_fury
D:2:      nicolae_ru_sacrificial_ziggurat, grunt_qazlal_clouds, first_bread,
          corexii_corridor_pit
D:3:      marbit_many_paths, lemuel_round_altar
D:4:      cheibriados_altar_1, fedhas_bush_and_centaur_altar,
          trog_eyes_of_draining, minmay_temple_entry_statues_pillars,
          serial_shops, kennysheep_mini_moat, item_on_display_a
D:5:      elyvilon_altar_4, lemuel_doored_altar, serial_bayou_crossing,
          uniq_edmund
D:6:      serial_gnoll_camp, gnoll_camp_mini_doghouse, gnoll_camp_mini_hut,
          gnoll_camp_mini_hut, gnoll_camp_mini_doghouse, uniq_grinder,
          uniq_duvessa
D:7:      okawaru_humans, overflow_temple_1_default
D:8:      uniq_psyche
D:9:      lemuel_mausoleum_altar_kikubaaqudgha, overflow_temple_1_default,
          uniq_gastronok
Temple:   compressed_dpeg_triangle_lava_temple

Skill      XL: |  1  2  3  4  5  6  7  8  9 10 |
---------------+-------------------------------+-----
Fire Magic     | 4 5 7 8 10 | 10.2
Spellcasting   | 4 5 6 8 9 11 12 | 12.4
Dodging        | 3 4 |  4.2
Stealth        | 3 4 |  4.4
Conjurations   | 2 3 4 5 6 8 9 |  9.8
Fighting       | 1 |  1.8
Ice Magic      | 1 |  1.3
Short Blades   | |  0.8
Charms         | |  0.8

Action                   |  1- 3 |  4- 6 |  7- 9 | 10-12 || total
-------------------------+-------+-------+-------+-------++-------
Melee: Dagger            |       |       |    24 |     1 ||    25
 Cast: Flame Tongue      |    86 |    92 |   162 |   148 ||   488
       Throw Flame       |     2 |     5 |    38 |    28 ||    73
       Conjure Flame     |       |     2 |     6 |     5 ||    13
       Fireball          |       |       |    17 |    21 ||    38
       Throw Frost       |       |       |     6 |       ||     6
       Ozocubu's Armour  |       |       |     1 |       ||     1
  Use: Scroll            |       |       |     8 |     7 ||    15
  Eat: Chunk             |     2 |     8 |    23 |     8 ||    41
       Royal jelly       |       |       |     2 |       ||     2
Armor: Robe              |    10 |     8 |    10 |     7 ||    35
Dodge: Dodged            |    33 |    23 |    52 |    21 ||   129
